 Dungeon Crawl Stone Soup version 0.22.1-1-ga44c0e56f4 (webtiles) character file.

133 Drachen the Insei (level 4, -3/36 HPs)
             Began as a Draconian Transmuter on Oct 24, 2018.
             Killed by divine providence
             ... invoked by an orc priest
              (18 damage)
             ... on level 3 of the Dungeon.
             The game lasted 00:03:17 (1538 turns).

Drachen the Insei (Draconian Transmuter)            Turns: 1538, Time: 00:03:18

Health: -3/36      AC:  7    Str: 15    XL:     4   Next: 94%
Magic:  7/7        EV: 12    Int: 13    God:
Gold:   107        SH:  0    Dex: 13    Spells: 4/7 levels left

rFire    . . .     SeeInvis .   d - +3 spear (venom)
rCold    . . .     Gourm    .   (no shield)
rNeg     . . .     Faith    .   (armour unavailable)
rPois    .         Spirit   .   (helmet restricted)
rElec    .         Reflect  .   n - +0 cloak
rCorr    .         Harm     +   j - +0 pair of gloves (curse)
MR       .....                  (no boots)
Stlth    +.........             m - amulet of harm (curse)
HPRegen  0.12/turn              b - +3 ring of strength
MPRegen  0.10/turn              (no ring)

@: drained
A: unfitting armour, cold-blooded, AC +5
a: no special abilities


You were on level 3 of the Dungeon.
You were very hungry.

You visited 1 branch of the dungeon, and saw 3 of its levels.

You collected 107 gold pieces.

Inventory:

Hand Weapons
 d - a +3 spear of venom (weapon)
Missiles
 a - 27 arrows
 l - 6 curare-tipped needles
Armour
 j - a cursed +0 pair of gloves (worn)
 n - a +0 cloak (worn)
Jewellery
 b - a +3 ring of strength (left hand)
 m - a cursed amulet of harm (around neck)
Scrolls
 f - a scroll of noise {unknown}
 g - a scroll of remove curse {unknown}
 h - a scroll of identify {unknown}
 i - a scroll of enchant weapon {unknown}
Potions
 e - 2 potions of agility {unknown}
 k - a potion of haste {unknown}
Comestibles
 c - 4 rations


   Skills:
 + Level 2.1(2.0) Fighting
 - Level 3.0(2.9) Polearms
 + Level 2.3 Dodging
 + Level 3.4 Unarmed Combat
 - Level 2.0(1.9) Spellcasting
 + Level 2.5 Transmutations


You had 4 spell levels left.
You knew the following spells:

 Your Spells              Type           Power        Failure   Level  Hunger
a - Beastly Appendage     Tmut           #.....       9%          1    ##.....
b - Sticks to Snakes      Tmut           #.......     14%         2    ###....

Your spell library contained the following spells:

 Spells                   Type           Power        Failure   Level  Hunger
 Spider Form              Tmut/Pois      #.........   41%         3    ####...
 Ice Form                 Ice/Tmut       #.......     83%         4    #####..
 Blade Hands              Tmut           #.........   94%         5    ######.


Dungeon Overview and Level Annotations

Branches:
Dungeon (3/15)

Altars:
Cheibriados
Elyvilon
Makhleb
Sif Muna

Annotations:
D:3 Ijyb


Innate Abilities, Weirdness & Mutations

Your plain brown scales are hard. (AC +5)
You cannot fit into any form of body armour.
You are cold-blooded and may be slowed by cold attacks.


Message History

Attack whom?
Press: ? - help, Dir - move target cursor, f/p - orc priest
Aim: an orc priest, wielding a hand axe You reach to attack!
You closely miss the orc priest.
Attack whom?
Press: ? - help, Dir - move target cursor, f/p - orc priest
Aim: an orc priest, wielding a hand axe The orc is in the way.
You hit the orc.
You kill the orc!
Attack whom?
Press: ? - help, Dir - move target cursor, f/p - orc priest
Aim: an orc priest, wielding a hand axe You puncture the orc priest!
The orc priest is poisoned.
You punch the orc priest, but do no damage.
The orc priest is severely wounded.
The orc priest hits you with a hand axe!
The orc priest mumbles some strange prayers to Beogh against you.
Beogh smites you!
Ouch! That really hurt!
You die...

#... ...
#!#.#. ....
...... ...##
##..#.##....
.....o....
.......=.#
#.....oo.
.......{###
#wo@# #+###


You could see 2 orc priests and a dart slug.

Vanquished Creatures
  A quasit (D:2)
  Crazy Yiuf (D:2)
  2 adders (D:2)
  2 dart slugs (D:2)
  2 leopard geckos (D:2)
  An orc (D:3)
  A ball python (D:1)
  8 bats
  5 giant cockroaches
  6 goblins
  3 hobgoblins (D:1)
  3 jackals (D:1)
  6 kobolds
  6 rats
47 creatures vanquished.

Notes
Turn   | Place    | Note
-------+----------+-------------------------------------------
     0 | D:1      | Drachen the Draconian Transmuter began the quest for the
                  | Orb.
     0 | D:1      | Reached XP level 1. HP: 16/16 MP: 3/3
   137 | D:1      | Reached skill level 1 in Polearms
   166 | D:1      | Reached XP level 2. HP: 17/23 MP: 5/5
   581 | D:2      | Reached XP level 3. HP: 17/28 MP: 6/6
   689 | D:2      | Learned a level 2 spell: Sticks to Snakes
   817 | D:2      | Reached XP level 4. HP: 28/36 MP: 7/7
   849 | D:2      | Found a white marble altar of Elyvilon.
   933 | D:2      | Found a burning altar of Makhleb.
  1030 | D:2      | Found a snail-covered altar of Cheibriados.
  1043 | D:2      | Found a deep blue altar of Sif Muna.
  1120 | D:2      | Found a runed door.
  1153 | D:2      | Noticed Crazy Yiuf
  1160 | D:2      | Killed Crazy Yiuf
  1363 | D:3      | Noticed Ijyb
  1538 | D:3      | Killed from afar by an orc priest

Skill      XL: |  1  2  3  4 |
---------------+-------------+-----
Polearms       | 1 2 3 |  3.0
Dodging        | 2 |  2.3
Fighting       | 2 |  2.1
Unarmed Combat | |  3.4
Spellcasting   | |  2.0
Transmutations | |  2.5

Action                   |  1- 3 |  4- 6 || total
-------------------------+-------+-------++-------
Melee: Spear             |    74 |    28 ||   102
       Unarmed           |     1 |       ||     1
       Kick              |     1 |       ||     1
       Tailslap          |     3 |     2 ||     5
       Punch             |       |     2 ||     2
 Cast: Beastly Appendage |     1 |     1 ||     2
 Stab: Sleeping          |     1 |     1 ||     2
  Eat: Chunk             |       |     1 ||     1
Armor: Skin              |    33 |     8 ||    41
Dodge: Dodged            |    38 |     8 ||    46
